 Dungeon Crawl Stone Soup version 0.18-a0-1789-gbeff17f (webtiles) character file.

22 M4edhros the Grave Robber (level 2, -8/17 HPs)
             Began as an Octopode Necromancer on Apr 21, 2016.
             Killed from afar by an orc wizard (9 damage)
             ... with a puff of frost
             ... on level 3 of the Dungeon.
             The game lasted 00:03:24 (420 turns).

M4edhros the Grave Robber (Octopode Necromancer)     Turns: 420, Time: 00:03:26

Health: -8/17      AC:  1    Str: 10    XL:     2   Next: 91%
Magic:  11/20      EV: 12    Int: 17    God:
Gold:   64         SH:  0    Dex: 12    Spells: 1 memorised, 4 levels left

rFire  . . .     SeeInvis .     h - staff of power
rCold  . . .     Gourm    .     (no shield)
rNeg   . . .     Faith    .     (helmet restricted)
rPois  .         Spirit   .     (no amulet)
rElec  .         Dismiss  .     k - +3 ring of strength
rCorr  .         Reflect  .     (no ring)
SustAt .         Harm     .     (no ring)
MR     .....                    (no ring)
Stlth  +++.......               (no ring)
                                (no ring)
                                (no ring)
                                (no ring)

@: not resistant to hostile enchantments, fairly stealthy
A: almost no armour, amphibious, 8 rings, constrict 8, camouflage 1, gelatinous
body 1
a: no special abilities


You were on level 3 of the Dungeon.
You were not hungry.

You visited 1 branch of the dungeon, and saw 3 of its levels.

You collected 64 gold pieces.

Inventory:

Hand Weapons
 g - a cursed -3 dagger
 j - a +0 whip of electrocution
Magical Staves
 h - an uncursed staff of power (weapon)
Jewellery
 k - a +3 ring of strength (left tentacle)
Scrolls
 c - a scroll of remove curse {unknown}
 d - a scroll of noise {unknown}
 e - a scroll of fear {unknown}
 i - a scroll of identify {unknown}
 m - a scroll of immolation {unknown}
Potions
 l - a potion of might
 n - a potion of brilliance {unknown}
 o - 2 potions of agility
Books
 a - a book of Necromancy

   Spells                             Type                      Level
   a - Pain                           Necromancy                   1
   b - Animate Skeleton               Necromancy                   1
   c - Vampiric Draining              Necromancy                   3
   d - Regeneration                   Charms/Necromancy            3
   e - Animate Dead                   Necromancy                   4
   f - Control Undead                 Necromancy                   4
Comestibles
 b - 2 bread rations
 f - a slice of pizza


   Skills:
 - Level 2.0 Dodging
 - Level 2.6 Stealth
 + Level 2.4 Unarmed Combat
 - Level 2.0 Spellcasting
 - Level 4.0 Necromancy


You had 4 spell levels left.
You knew the following spells:

 Your Spells              Type           Power        Failure   Level  Hunger
a - Pain                  Necr           ###.         3%          1    #......


Dungeon Overview and Level Annotations

Branches:
Dungeon (3/15)

Altars:


Innate Abilities, Weirdness & Mutations

You cannot wear most types of armour.
You are amphibious.
You can wear up to eight rings at the same time.
You can use your tentacles to constrict eight enemies at once.
Your skin changes colour to match your surroundings (Stealth).
Your rubbery body absorbs attacks (AC +1).


Message History

The orc wizard hits you with a dagger.
* * * LOW HITPOINT WARNING * * *
You miss the orc wizard. You grab the orc wizard. You squeeze the orc wizard.
The orc wizard is heavily wounded.
You constrict the orc wizard. The orc wizard hits you with a dagger.
* * * LOW HITPOINT WARNING * * *
Unknown command.
Drink which item? (? for menu, Esc to quit)
Okay, then.
Casting: Pain
Confirm with . or Enter, or press ? or * to list all spells.
Aiming: Pain
Press: ? - help, Shift-Dir - straight line, f/p - orc wizard
Aim: an orc wizard, wielding a dagger and wearing a robe (severely wounded, constricted by you, chance to defeat MR: 73%)
The orc wizard convulses in agony!
You constrict the orc wizard, but do no damage.
The orc wizard points at you and mumbles some strange words.
The puff of frost hits you!
Ouch! That really hurt!
You die...

## ##. .. . #.
#
...###.####.##
.#....)......##
....).o@.......
.#.###.####..##
#. #. #. #. ..
##


You could see an orc wizard.

Vanquished Creatures
  An adder (D:2)
  An orc (D:3)
  A bat (D:2)
  2 goblins (D:2)
  3 hobgoblins
  A giant newt (D:1)
  2 kobolds
11 creatures vanquished.

Notes
Turn   | Place    | Note
--------------------------------------------------------------
     0 | D:1      | M4edhros the Octopode Necromancer began the quest for the Orb.
     0 | D:1      | Reached XP level 1. HP: 11/11 MP: 3/3
    82 | D:2      | Reached skill level 1 in Unarmed Combat
    82 | D:2      | Reached XP level 2. HP: 14/17 MP: 0/5
   420 | D:3      | Killed from afar by an orc wizard

Vault maps used:
D:1:      co_arrival_hexagon_in_a_hexagon, minmay_distorted
D:2:      minmay_overflow_temple_star_quad, cheibrodos_gnoll_hut
D:3:      grunt_ministairs_7

Skill      XL: |  1  2 |
---------------+-------+-----
Unarmed Combat | 1 2 |  2.4
Dodging        | |  2.0
Stealth        | |  2.6
Spellcasting   | |  2.0
Necromancy     | |  4.0

Action                   || total
-------------------------++-------
Melee: Staff             ||     5
       Unarmed           ||     3
       Constrict         ||     2
       Tentacles         ||     2
 Cast: Pain              ||    25
  Use: Potion            ||     4
Armor: Skin              ||     4
Dodge: Dodged            ||    13
